 Dungeon Crawl Stone Soup version 0.32-a0-921-g04a7ad8e02 (webtiles) character file.

Game seed: 2759576032962532001

11699 Autsider the Fighter (level 11, -2/99 HPs)
             Began as a Green Draconian Alchemist on Apr 11, 2024.
             Was an Initiate of Gozag.
             Slain by a skyshark (10 damage)
             ... on level 2 of the Lair of Beasts.
             The game lasted 00:37:10 (12423 turns).

Autsider the Fighter (Green Draconian Alchemist)   Turns: 12423, Time: 00:37:10

Health: -2/99      AC: 16    Str: 11    XL:     11   Next: 52%
Magic:  1/25       EV: 12    Int: 19    God:    Gozag
Gold:   743        SH:  0    Dex: 12    Spells: 21/30 levels left

rFire   . . .        f - staff of air
rCold   . . .        (no shield)
rNeg    . . .        (body armour unavailable)
rPois   +            K - +2 hat {Stlth+}
rElec   +            J - +2 cloak {rCorr}
rCorr   +            u - +2 pair of gloves
SInv    +            a - +0 pair of boots
Will    .....        l - amulet of magic regeneration
Stlth   ++++         A - ring of flight
HPRegen 0.36/turn    t - ring of see invisible
MPRegen 0.59/turn

%: no passive effects
@: flying
A: noxious breath, AC +7, unfitting armour, poison resistance, cold-blooded
a: Noxious Breath, Renounce Religion, Potion Petition, Call Merchant, Bribe
Branch


You were on level 2 of the Lair of Beasts.
You worshipped Gozag.
Gozag was pleased with you.
You visited 3 branches of the dungeon, and saw 15 of its levels.

You collected 1314 gold pieces.
You paid 571 gold pieces to Gozag.

Inventory:

Hand Weapons
 C - a +4 heavy trident
 N - a +4 mace of freezing
 O - a +2 dagger of venom
 R - a +0 shortbow of draining
Missiles
 F - a throwing net
Armour
 a - a +0 pair of boots (worn)
 m - a scarf of shadows
 u - a +2 pair of gloves (worn)
 D - an orb of energy
 J - a +2 cloak of preservation (worn)
 K - a +2 hat of stealth (worn)
Magical Staves
 f - a staff of air (weapon)
 j - a staff of earth
Jewellery
 l - an amulet of magic regeneration (around neck)
 t - a ring of see invisible (right hand)
 y - an amulet of the acrobat
 A - a ring of flight (left hand)
Wands
 q - a wand of flame (9)
 r - a wand of warping (7)
 s - a wand of acid (32)
 v - a wand of charming (37)
 S - a wand of polymorph (6)
 V - a wand of mindburst (4)
Scrolls
 c - 3 scrolls of enchant armour
 d - a scroll of poison
 h - a scroll of amnesia
 k - 5 scrolls of teleportation {@r2}
 n - 3 scrolls of blinking
 o - 3 scrolls of immolation
 w - a scroll of torment
 B - a scroll of brand weapon
 E - 2 scrolls of revelation
 L - a scroll of noise {unknown}
 M - a scroll of fear {unknown}
 Q - a scroll of vulnerability {unknown}
 T - 2 scrolls of identify {@r1}
Potions
 b - 2 potions of attraction {unknown}
 e - 3 potions of mutation {unknown}
 g - a potion of haste {unknown}
 i - 5 potions of curing
 p - 2 potions of cancellation {unknown}
 x - a potion of lignification {unknown}
 z - a potion of resistance {unknown}
 G - 2 potions of enlightenment {unknown}
 H - a potion of berserk rage {unknown}
 I - 2 potions of brilliance {unknown}
 P - a potion of degeneration {unknown}
 W - 2 potions of magic


   Skills:
 - Level 10.0 Fighting
 + Level 4.2 Dodging
 + Level 4.6 Stealth
 - Level 10.0 Spellcasting
 + Level 4.1 Conjurations
 - Level 4.0 Fire Magic
 + Level 2.3 Air Magic
 + Level 9.4 Alchemy
 + Level 3.8 Evocations


You had 21 spell levels left.
You knew the following spells:

 Your Spells              Type           Power      Damage    Failure   Level
a - Sting                 Conj/Alch      100%       1d9       1%          1
b - Olgreb's Toxic Radia  Alch           45%        N/A       1%          4
c - Sticky Flame          Fire/Alch      35%        2d7       4%          4

Your spell library contained the following spells:

 Spells                   Type           Power      Damage    Failure   Level
 Mercury Vapours          Alch/Air       94%        N/A       1%          2
 Mephitic Cloud           Conj/Alch/Air  44%        N/A       2%          3
 Apportation              Tloc           18%        N/A       8%          1
 Necrotise                Necr           36%        1d5       8%          1
 Summon Small Mammal      Summ           36%        N/A       8%          1
 Volatile Blastmotes      Fire/Tloc      34%        2d12      10%         3
 Call Imp                 Summ           18%        N/A       11%         2
 Lesser Beckoning         Tloc           18%        N/A       11%         2
 Sublimation of Blood     Necr           9%         N/A       11%         2
 Fugue of the Fallen      Necr           9%         N/A       22%         3
 Maxwell's Portable Pile  Tloc           9%         2d(6-16)  22%         3
 Ozocubu's Armour         Ice            9%         N/A       22%         3
 Passwall                 Erth           9%         N/A       22%         3
 Teleport Other           Tloc           9%         N/A       22%         3
 Vhi's Electric Charge    Tloc/Air       40%        N/A       43%         4
 Freezing Cloud           Conj/Ice/Air   13%        6-21      65%         5
 Bombard                  Conj/Erth      8%         9d2       99%         6
 Manifold Assault         Tloc           4%         N/A       100%        7
 Summon Hydra             Summ           4%         N/A       100%        7


Dungeon Overview and Level Annotations

Branches:
Dungeon (12/15)            Temple (1/1) D:7            Lair (2/5) D:9
    Orc (0/2) D:10
  Swamp: Lair:2-3    Shoals: Lair:2-3     Snake: Lair:2-3    Spider: Lair:2-3

Altars:
Ashenzari
Cheibriados
Dithmenos
Elyvilon
Fedhas
Gozag
Hepliaklqana
Kikubaaqudgha
Makhleb
Nemelex Xobeh
Okawaru
Qazlal
Ru
Sif Muna
Trog
Uskayaw
Vehumet
Wu Jian
Xom
Yredelemnul
Zin
The Shining One

Shops:
D:1 :   D:6 (   D:9 :

Annotations:
D:5 Menkaure
D:8 exclusion: 2 downstairs, Maggie
D:9 exclusion: downstairs


Innate Abilities, Weirdness & Mutations

You can breathe blasts of noxious fumes.
Your lurid green scales are hard. (AC +7)
You cannot fit into any form of body armour.
Your system is resistant to poisons. (rPois)
You are cold-blooded and may be slowed by cold attacks.


Message History

The skyshark burns!
The skyshark bites you.
* * * LOW HITPOINT WARNING * * *
The skyshark barely misses you.
The skyshark tail-slaps you but does no damage.
The skyshark barely misses you.
The skyshark tail-slaps you but does no damage.
The skyshark barely misses you.
Casting: Olgreb's Toxic Radiance (mildly dangerous; 1% risk of failure)
Confirm with . or Enter, or press ? or * to list all spells.
You don't have enough magic to cast this spell.
Okay, then.
Blink to where?
Press: ? - help, Dir - move target, p - skyshark
As you read the scroll of blinking, it crumbles to dust.
The skyshark burns!
The skyshark shakes off the sticky flame as it moves.
The air fills with toxic fumes!
As you read the scroll of poison, it crumbles to dust.
The basilisk looks even sicker.
The yak is poisoned.
The skyshark is engulfed in poison gas.
The skyshark looks even sicker.
The skyshark is engulfed in poison gas.
The skyshark looks even sicker.
The skyshark barely misses you. The skyshark tail-slaps you.
* * * LOW HITPOINT WARNING * * *
The skyshark tail-slaps you.
* * * LOW HITPOINT WARNING * * *
Casting: Olgreb's Toxic Radiance (mildly dangerous; 1% risk of failure)
Confirm with . or Enter, or press ? or * to list all spells.
Aiming: Sticky Flame (dangerous; 4% risk of failure)
Press: ? - help, Shift-Dir - straight line, f - skyshark
Aim: a skyshark (poison gas, heavily wounded, berserk, very poisoned)
The sticky flame hits the skyshark!
The skyshark is severely wounded.
The basilisk looks even sicker.
Your toxic aura wanes.
The skyshark burns!
The skyshark is engulfed in poison gas.
The skyshark looks as sick as possible!
The skyshark bites you!!
* * * LOW HITPOINT WARNING * * *
The skyshark tail-slaps you!
You die...
Your body crumbles into a pile of gold.

#P........Y#.#...##
#P....#...#.§§..P#
..#...#$###§§..##
§....###.#.#.§#.P#
§§. ####Yl..### §§P#
#PY#$#§.# §§§P§
###§§$§§§..#
§§P§§§#§F#§§§#§.#..
#§§§§§§@§§§§§§§.....
#§##§§#§§§##§§§......
#P §§§§§§#..#..### §§
§#§§§§§§§§#### §#
#§#P§§§§§§## § #
#§§###§§§ #§§# P§#
§§P# #§


You could see a skyshark (berserk, burning, extremely poisoned), 2 yaks and a
basilisk (very poisoned).

Vanquished Creatures
  Gastronok (D:8)
  Snorg (D:10)
  A two-headed ogre (D:9)
  Erica (D:8)
  A cyclops (D:11)
  Maurice (D:7)
  Joseph (D:8)
  2 cane toads
  An unseen horror (D:12)
  Jeremiah (D:6)
  A rime drake (Lair:1)
  A komodo dragon (Lair:2)
  3 trolls
  Grinder (D:3)
  A shadow (D:10)
  2 wraiths
  A yak (Lair:2)
  A basilisk (D:12)
  A steam dragon (D:9)
  5 water moccasins
  3 black bears
  2 ice beasts (D:6)
  5 orc warriors
  A sky beast (D:6)
  3 ogres
  3 centaurs
  A crocodile (D:4)
  2 phantoms
  2 scorpions
  4 bullfrogs
  4 wights
  5 killer bees (D:8)
  6 howler monkeys
  4 bombardier beetles
  5 hounds
  3 jellies
  6 orc priests
  A sleepcap (D:6)
  2 gnoll boudas
  2 iguanas
  7 orc wizards
  9 gnolls
  11 adders
  A white imp (D:5)
  4 ufetubi
  2 dart slugs
  2 ribbon worms (D:2)
  33 orcs
  4 endoplasms
  5 giant cockroaches
  7 hobgoblins
  4 kobolds
  6 quokkas
  12 ball pythons
  7 bats
  8 frilled lizards
  7 goblins
  6 rats
227 creatures vanquished.

Vanquished Creatures (others)
  An orc wizard (D:9)
1 creature vanquished.

Grand Total: 228 creatures vanquished

Notes
Turn   | Place    | Note
-------+----------+-------------------------------------------
     0 | D:1      | Autsider the Draconian Alchemist began the quest for the
                  | Orb.
     0 | D:1      | Reached XP level 1. HP: 14/14 MP: 3/3
   270 | D:1      | Reached XP level 2. HP: 16/22 MP: 0/5
   342 | D:1      | Reached skill level 1 in Fighting
   441 | D:1      | Found Fupniog's Vocational Training.
  1197 | D:2      | Reached XP level 3. HP: 16/29 MP: 0/6
  1893 | D:2      | Reached XP level 4. HP: 37/37 MP: 4/7
  2170 | D:3      | Found an iron altar of Okawaru.
  2249 | D:3      | Learned a level 4 spell: Olgreb's Toxic Radiance
  2420 | D:3      | Noticed Grinder
  2465 | D:3      | Killed Grinder
  2466 | D:3      | Reached skill level 5 in Alchemy
  2466 | D:3      | Reached XP level 5. HP: 15/47 MP: 1/8
  2466 | D:3      | Reached XP level 6. HP: 17/53 MP: 1/9
  2594 | D:3      | Found a faded altar of an unknown god.
  3538 | D:4      | Reached skill level 5 in Fighting
  3677 | D:4      | Your scales start taking on a lurid green colour.
  3677 | D:4      | Reached XP level 7. HP: 61/61 MP: 5/10
  3677 | D:4      | Gained mutation: Your system is resistant to poisons.
                  | (rPois) [Green Draconian growth]
  4435 | D:5      | Entered Level 5 of the Dungeon
  4874 | D:5      | Reached XP level 8. HP: 14/71 MP: 0/12
  5364 | D:5      | Noticed Menkaure
  5373 | D:5      | Learned a level 4 spell: Sticky Flame
  5488 | D:5      | Reached skill level 1 in Fire Magic
  6195 | D:6      | Reached XP level 9. HP: 81/81 MP: 7/16
  6272 | D:6      | Found Nuigadox's Weapon Emporium.
  6326 | D:6      | Reached skill level 5 in Spellcasting
  6326 | D:6      | Noticed Jeremiah
  6357 | D:6      | Killed Jeremiah
  7145 | D:7      | Found a white marble altar of Elyvilon.
  7202 | D:7      | Found a staircase to the Ecumenical Temple.
  7281 | Temple   | Entered the Ecumenical Temple
  7326 | Temple   | Became a worshipper of Gozag Ym Sagoz the Greedy
  7413 | D:7      | Found a burning altar of Makhleb.
  7418 | D:7      | Found a shimmering blue altar of Sif Muna.
  7422 | D:7      | Found a hazy altar of Hepliaklqana.
  7424 | D:7      | Found a basalt altar of Yredelemnul.
  7430 | D:7      | Found a hide-covered altar of Uskayaw.
  7512 | D:7      | Noticed Maurice
  7533 | D:7      | Killed Maurice
  7930 | D:8      | Noticed Gastronok
  8002 | D:8      | Killed Gastronok
  8003 | D:8      | Reached skill level 10 in Fighting
  8003 | D:8      | Reached XP level 10. HP: 93/93 MP: 15/22
  8056 | D:8      | Noticed Maggie
  8122 | D:8      | Noticed Erica
  8151 | D:8      | Killed Erica
  8180 | D:8      | Noticed Joseph
  8192 | D:8      | Killed Joseph
  9026 | D:9      | Noticed a two-headed ogre
  9182 | D:9      | Reached skill level 10 in Spellcasting
  9221 | D:9      | Killed a two-headed ogre
  9222 | D:9      | Reached skill level 1 in Evocations
  9523 | D:9      | Found a staircase to the Lair.
  9698 | D:10     | Entered Level 10 of the Dungeon
  9698 | D:10     | Noticed Snorg
 10176 | D:10     | Reached XP level 11. HP: 59/99 MP: 0/25
 10437 | D:10     | Killed Snorg
 10649 | D:10     | Found a staircase to the Orcish Mines.
 11677 | D:11     | Reached skill level 1 in Air Magic
 11858 | D:11     | Found a shimmering altar of Xom.
 11858 | D:11     | Found a shimmering altar of Xom.
 11858 | D:11     | Found a shimmering altar of Xom.
 11858 | D:11     | Found a shimmering altar of Xom.
 11858 | D:11     | Found a shimmering altar of Xom.
 11858 | D:11     | Found a shimmering altar of Xom.
 11859 | D:11     | Found a shimmering altar of Xom.
 11859 | D:11     | Found a shimmering altar of Xom.
 12145 | Lair:1   | Entered Level 1 of the Lair of Beasts
 12381 | Lair:1   | Noticed a spriggan rider
 12405 | Lair:2   | Noticed a skyshark
 12423 | Lair:2   | Slain by a skyshark

Illustrated notes

Levels and vault maps discovered:
D:1:      mainiacjoe_arrival_oval_in_oval, layout_basic, chequers_arboretum,
          chequers_serial_rivers_room_a, nicolae_shop_vocational
D:2:      layout_loops_ring, minmay_pentomino_q4
D:3:      layout_basic, mainiacjoe_overflow_cross_hatched,
          hellmonk_ecumenical_altar_blasted, minmay_surrounded, uniq_grinder
D:4:      layout_basic, minmay_lizard_king
D:5:      layout_basic, uniq_menkaure
D:6:      layout_cave_pods, serial_shops, shop, uniq_jeremiah
D:7:      layout_rooms, nicolae_elyvilon_temple_path,
          nicolae_overflow_hallway_of_the_gods, minmay_temple_entry_poolview,
          uniq_maurice
D:8:      layout_loops_cross, uniq_erica, uniq_gastronok, uniq_maggie,
          uniq_joseph
D:9:      layout_cross, dpeg_oklobed_lair
D:10:     layout_loops_ring, orc_0_dummy, uniq_snorg
D:11:     layout_irregular_city, xom_shifter_show
D:12:     layout_layer_cave, sword_in_stone
Temple:   bh_familiar_temple
Lair:1:   layout_chaotic_city, grunt_forest_large_clearings
Lair:2:   layout_misc_corridors, dummy_snake_entry,
          gammafunk_ghost_wrathful_warriors, lemuel_fruit_tree,
          serial_bayou_shore_b

Skill      XL: |  1  2  3  4  5  6  7  8  9 10 11 |
---------------+----------------------------------+-----
Dodging        | 2 3 4 |  4.2
Stealth        | 2 3 4 |  4.6
Fighting       | 1 2 4 5 6 8 10 | 10.0
Alchemy        | 4 5 7 8 9 |  9.4
Spellcasting   | 3 4 8 10 | 10.0
Fire Magic     | 3 4 |  4.0
Conjurations   | 2 4 |  4.1
Evocations     | 2 3 |  3.8
Air Magic      | 2 |  2.3

Action                     |  1- 3 |  4- 6 |  7- 9 | 10-12 || total
---------------------------+-------+-------+-------+-------++-------
  Melee: Unarmed           |    86 |       |       |       ||    86
         Tailslap          |    13 |     2 |    28 |    27 ||    70
         Punch             |     1 |       |       |       ||     1
         Staff             |    14 |    35 |   129 |   111 ||   289
   Cast: Sting             |    50 |    79 |   112 |     4 ||   245
         Olgreb's Toxic Ra |       |       |    28 |    51 ||    79
         Sticky Flame      |       |       |    27 |    54 ||    81
 Invoke: Call Merchant     |       |       |       |     1 ||     1
  Evoke: Wand              |       |       |       |     9 ||     9
    Use: Scroll            |       |     2 |     3 |     7 ||    12
         Potion            |       |       |     2 |     1 ||     3
   Stab: Sleeping          |       |       |     1 |       ||     1
         Distracted        |       |       |       |     1 ||     1
 Armour: Skin              |    54 |    47 |   218 |   200 ||   519
  Dodge: Dodged            |    61 |    39 |   160 |   120 ||   380

Table legend: (Time is in decaauts)
 A = Elapsed time spent in this place.
 B = Non-inter-level travel time spent in this place.
 C = Inter-level travel time spent in this place.
 D = Time resting spent in this place.
 E = Time spent auto-exploring this place.
 F = Levels seen in this place.
 G = Mean time per level.
                   A        B        C        D        E       F      G
               +--------+--------+--------+--------+--------+-----+--------+
         Total |  12571 |  11894 |    677 |    618 |   9041 |  15 |  838.1 |
       Dungeon |  12270 |  11657 |    613 |    526 |   8975 |  12 | 1022.5 |
        Temple |     63 |      1 |     62 |      0 |      0 |   1 |   63.0 |
          Lair |    238 |    238 |      0 |     92 |     66 |   2 |  119.0 |
               +--------+--------+--------+--------+--------+-----+--------+

Top non-repeatable levels by time:
     D:4: 1467 daAuts
     D:8: 1460 daAuts
    D:10: 1422 daAuts
     D:5: 1327 daAuts
     D:6: 1153 daAuts
     D:1: 1109 daAuts
     D:3: 1064 daAuts
     D:2: 997 daAuts
    D:11: 953 daAuts
     D:9: 640 daAuts
     D:7: 612 daAuts
  Lair:1: 205 daAuts
  Temple: 63 daAuts
    D:12: 61 daAuts
  Lair:2: 32 daAuts
